%YAML 1.1
%TAG !u! tag:unity3d.com,2011:
--- !u!1 &4109811874755623436
GameObject:
  m_ObjectHideFlags: 0
  m_CorrespondingSourceObject: {fileID: 0}
  m_PrefabInstance: {fileID: 0}
  m_PrefabAsset: {fileID: 0}
  serializedVersion: 6
  m_Component:
  - component: {fileID: 4109811874755623539}
  - component: {fileID: 4109811874755623538}
  - component: {fileID: 4109811874755623437}
  - component: {fileID: 1585666283}
  - component: {fileID: 1585666286}
  m_Layer: 0
  m_Name: Live Decal (Anchor)
  m_TagString: Untagged
  m_Icon: {fileID: 0}
  m_NavMeshLayer: 0
  m_StaticEditorFlags: 0
  m_IsActive: 1
--- !u!4 &4109811874755623539
Transform:
  m_ObjectHideFlags: 0
  m_CorrespondingSourceObject: {fileID: 0}
  m_PrefabInstance: {fileID: 0}
  m_PrefabAsset: {fileID: 0}
  m_GameObject: {fileID: 4109811874755623436}
  m_LocalRotation: {x: 0, y: 0, z: 0, w: 1}
  m_LocalPosition: {x: 0, y: 2.35, z: 0.3490529}
  m_LocalScale: {x: 1, y: 1, z: 1}
  m_Children: []
  m_Father: {fileID: 0}
  m_RootOrder: 0
  m_LocalEulerAnglesHint: {x: 0, y: 0, z: 0}
--- !u!114 &4109811874755623538
MonoBehaviour:
  m_ObjectHideFlags: 0
  m_CorrespondingSourceObject: {fileID: 0}
  m_PrefabInstance: {fileID: 0}
  m_PrefabAsset: {fileID: 0}
  m_GameObject: {fileID: 4109811874755623436}
  m_Enabled: 1
  m_EditorHideFlags: 0
  m_Script: {fileID: 11500000, guid: 6944f1d49f305f943a82dfc92ce2205c, type: 3}
  m_Name: 
  m_EditorClassIdentifier: 
  hitSpacing: 0
  hitLimit: 30
  connectHits: 0
  paintIn: 0
  interval: 0.05
  preview: 1
  priority: -1
  pressure: 1
  lastPosition: {x: 0, y: 0, z: 0}
--- !u!114 &4109811874755623437
MonoBehaviour:
  m_ObjectHideFlags: 0
  m_CorrespondingSourceObject: {fileID: 0}
  m_PrefabInstance: {fileID: 0}
  m_PrefabAsset: {fileID: 0}
  m_GameObject: {fileID: 4109811874755623436}
  m_Enabled: 1
  m_EditorHideFlags: 0
  m_Script: {fileID: 11500000, guid: b36498e7e45483f478ff74ab3f1cb21c, type: 3}
  m_Name: 
  m_EditorClassIdentifier: 
  layers:
    serializedVersion: 2
    m_Bits: 4294967295
  targetModel: {fileID: 0}
  group:
    index: 0
  targetTexture: {fileID: 0}
  blendMode:
    Index: 0
    Color: {r: 1, g: 1, b: 1, a: 1}
    Texture: {fileID: 0}
    Kernel: 1
    Channels: {x: 1, y: 1, z: 1, w: 1}
  texture: {fileID: 2800000, guid: 79d72147a6fa9ba46a5c7cadb799b9e1, type: 3}
  shape: {fileID: 0}
  shapeChannel: 3
  color: {r: 1, g: 1, b: 1, a: 1}
  opacity: 1
  angle: 0
  scale: {x: 1, y: 1, z: 1}
  radius: 0.15
  hardness: 10
  wrapping: 1
  normalFront: 1
  normalBack: 1
  normalFade: 0.001
  tileTexture: {fileID: 0}
  tileTransform: {fileID: 0}
  tileOpacity: 3
  tileTransition: 4
  modifiers:
    modifierDatas: []
--- !u!114 &1585666283
MonoBehaviour:
  m_ObjectHideFlags: 0
  m_CorrespondingSourceObject: {fileID: 0}
  m_PrefabInstance: {fileID: 0}
  m_PrefabAsset: {fileID: 0}
  m_GameObject: {fileID: 4109811874755623436}
  m_Enabled: 1
  m_EditorHideFlags: 0
  m_Script: {fileID: 11500000, guid: b02afde17bb3ab945ae587a6e2ba800b, type: 3}
  m_Name: 
  m_EditorClassIdentifier: 
  m_MaxAngle: 90
--- !u!114 &1585666286
MonoBehaviour:
  m_ObjectHideFlags: 0
  m_CorrespondingSourceObject: {fileID: 0}
  m_PrefabInstance: {fileID: 0}
  m_PrefabAsset: {fileID: 0}
  m_GameObject: {fileID: 4109811874755623436}
  m_Enabled: 1
  m_EditorHideFlags: 0
  m_Script: {fileID: 11500000, guid: bdb88eb84a0fe704ba3c8cf8c49d82e7, type: 3}
  m_Name: 
  m_EditorClassIdentifier: 
  m_HN: {fileID: 4109811874755623538}
  m_PD: {fileID: 4109811874755623437}
  m_MaxXOffset: 0.25
  m_DecalSprites:
  - Texture: {fileID: 2800000, guid: 79d72147a6fa9ba46a5c7cadb799b9e1, type: 3}
    Radius: 0.36
  - Texture: {fileID: 2800000, guid: aa35d0318b4389f4aabd1d3cbc816394, type: 3}
    Radius: 0.1
  - Texture: {fileID: 2800000, guid: 70d396182c519ba41a8d5ec1e91b5870, type: 3}
    Radius: 0.1
  - Texture: {fileID: 2800000, guid: 331454009f07aeb4ba3629ecf7bc07cb, type: 3}
    Radius: 0.1
  - Texture: {fileID: 2800000, guid: f501d64e61a7ed34299b59e976a52656, type: 3}
    Radius: 0.1
  - Texture: {fileID: 2800000, guid: 28cfda496164cc74a82d4c0b6f585b35, type: 3}
    Radius: 0.1
  - Texture: {fileID: 2800000, guid: 8b45785b9e60f8b4d91eb03d49ac6c94, type: 3}
    Radius: 0.1
